 Dungeon Crawl Stone Soup version 0.31.0-11-ge490571c62 (webtiles) character file.

Game seed: 6014097547771798236

42 qw the Shooter (level 3, -2/20 HPs)
             Began as a Deep Elf Hunter on Feb 3, 2024.
             Slain by Jessica
             ... wielding a +0 club
              (5 damage)
             ... on level 2 of the Dungeon.
             The game lasted 00:00:03 (1267 turns).

qw the Shooter (Deep Elf Hunter)                    Turns: 1267, Time: 00:00:04

Health: -2/20      AC:  6    Str: 10    XL:     3   Next: 35%
Magic:  5/5        EV:  9    Int: 13    God:
Gold:   32         SH:  0    Dex: 18    Spells: 2/2 levels left

rFire   . . .        a - +0 shortbow
rCold   . . .        (shield currently unavailable)
rNeg    . . .        f - +0 scale mail
rPois   .            (no helmet)
rElec   .            (no cloak)
rCorr   .            (no gloves)
SInv    .            (no boots)
Will    .....        (no amulet)
Stlth   +            (no ring)
HPRegen 0.23/turn    (no ring)
MPRegen 0.09/turn

%: no passive effects
@: no status effects
A: no striking features
a: no special abilities


You were on level 2 of the Dungeon.
You visited 1 branch of the dungeon, and saw 2 of its levels.

You collected 32 gold pieces.


   Skills:
 - Level 1.5 Fighting
 + Level 6.9 Ranged Weapons
 - Level 2.4 Dodging
 - Level 1.2 Stealth


You had 2 spell levels left.
You didn't know any spells.
Your spell library was empty.

Inventory:

Hand Weapons
 a - a +0 shortbow (weapon)
Armour
 f - a +0 scale mail (worn)
 g - a +0 ring mail
Jewellery
 d - an amulet of magic regeneration
Scrolls
 b - 2 scrolls of identify
 c - a scroll of amnesia {unknown}
Potions
 e - a potion of curing
 j - a potion of brilliance {unknown}

Dungeon Overview and Level Annotations

Branches:
Dungeon (2/15)

Altars:

Annotations:
D:2 Jessica


Message History

The ball python constricts you.
You shoot an arrow. The arrow hits the ball python!
You kill the ball python!
You start resting.
HP restored.
There is an open door, spattered with blood here.
d - an amulet of magic regeneration You now have 26 gold pieces (gained 8).
Found a stone staircase leading down.
b - 2 scrolls of identify (gained 1)
You open the door.
Found a stone staircase leading up.
There is an open door here.
Enter note: You now have 32 gold pieces (gained 6).
g - a +0 ring mail You open the door.
There is an open door here.
As you open the door, it creaks loudly!
There is an open door here.
Jessica the Apprentice Sorceress comes into view.
She is wielding a +0 club.
Jessica shouts!
Jessica gestures wildly while chanting.
Jessica blinks!
You shoot an arrow. The arrow hits Jessica!
Jessica is severely wounded.
Jessica gestures at you while chanting. Pain shoots through your body!
Ouch! That really hurt!
You shoot an arrow.
The arrow hits Jessica but does no damage.
Jessica is severely wounded.
You shoot an arrow. The arrow barely misses Jessica.
Jessica hits you with a +0 club.
You shoot an arrow. The arrow closely misses Jessica.
Jessica mumbles some strange words.
Jessica seems to speed up.
Jessica barely misses you.
You shoot an arrow. The arrow closely misses Jessica.
Jessica hits you but does no damage. Jessica hits you with a +0 club.
You die...

.... .# #..#..# .#
#..##.. .# .###..##.#
.###..#.. ##..#.# ###
#...@# #'# ####..@####
#.# #..##.....#
#.#####.........#
#.....'.........+
#######.........#######
#.........'.....#
#.........#####.#
#........<# #...#
#.........# #.###


You could see Jessica (fast).

Vanquished Creatures
  An adder (D:2)
  2 bats (D:1)
  5 endoplasms
  A giant cockroach (D:1)
  3 goblins (D:1)
  2 hobgoblins (D:1)
  5 kobolds (D:1)
  2 quokkas (D:1)
  5 ball pythons
  2 frilled lizards (D:1)
  3 rats (D:1)
31 creatures vanquished.

Notes
Turn   | Place    | Note
-------+----------+-------------------------------------------
     0 | D:1      | qw the Deep Elf Hunter began the quest for the Orb.
     0 | D:1      | Reached XP level 1. HP: 12/12 MP: 3/3
     0 | D:1      | 0 ||| qw: Version: 0.3-a-155-g5e7d8dd
     0 | D:1      | 0 ||| qw: Game counter: 3465
     0 | D:1      | 0 ||| qw: Melee chars always use a shield: true
     0 | D:1      | 0 ||| qw: God list: Okawaru
     0 | D:1      | 0 ||| qw: Allow faded altars: false
     0 | D:1      | 0 ||| qw: Do Orc after clearing Dungeon:15 true
     0 | D:1      | 0 ||| qw: Do second Lair branch before Depths: true
     0 | D:1      | 0 ||| qw: Lair rune preference: random
     0 | D:1      | 0 ||| qw: Goals: Normal
     0 | D:1      | 0 ||| PLANNING D:1-11
   224 | D:1      | Reached XP level 2. HP: 16/16 MP: 4/4
   225 | D:1      | Reached skill level 6 in Ranged Weapons
   656 | D:1      | Reached XP level 3. HP: 20/20 MP: 5/5
   880 | D:1      | 880 ||| UPGRADING to +0 scale mail.
   890 | D:1      | 890 ||| DROPPING +0 leather armour.
   891 | D:1      | 891 ||| READING scroll labelled USONGU KULAPP.
   892 | D:1      | 892 ||| READING scroll labelled ICUOCLEASI.
   893 | D:1      | 893 ||| READING scroll labelled MIEQYAPPIBA.
   893 | D:1      | 893 ||| IDENTIFYING viscous silvery potion
   894 | D:1      | 894 ||| DRINKING 3 murky purple potions.
   895 | D:1      | 895 ||| DROPPING scroll of butterflies.
   896 | D:1      | 896 ||| DROPPING potion of berserk rage.
   898 | D:1      | 898 ||| Stepping ~*~*~tactically~*~*~ (cloud).
   898 | D:1      | HP: 4/20 [poisoned by you (poison gas)]
   899 | D:1      | 899 ||| DRINKING 2 potions of curing.
   899 | D:1      | 899 ||| (to cure poison)
  1262 | D:2      | Noticed Jessica
  1265 | D:2      | HP: 2/20 [Jessica/+0 club (4)]
  1267 | D:2      | Slain by Jessica

Levels and vault maps discovered:
D:1:      sevenhm_arrival_forest_fort_large_2, layout_loops_corners
D:2:      layout_basic, hangedman_glass_teeth, minmay_between, uniq_jessica,
          uniq_terence

Skill      XL: |  1  2 |
---------------+-------+-----
Ranged Weapons | 6 |  6.9
Fighting       | |  1.5
Dodging        | |  2.4
Stealth        | |  1.2

Action                     || total
---------------------------++-------
   Fire: Shortbow          ||    68
    Use: Scroll            ||     3
         Potion            ||     2
 Armour: Leather armour    ||     3
         Scale mail        ||    11
  Dodge: Dodged            ||     7

Table legend:
 A = Non-vault XP
 B = Vault XP
 C = Vault XP percentage of total XP
 D = Non-vault monster count
 E = Vault monster count
 F = Vault count percentage of total count
                 A         B        C        D         E       F
            +---------+---------+-------+---------+---------+-------
      Total |      61 |       0 |   0.0 |      31 |       0 |   0.0
            +---------+---------+-------+---------+---------+-------
        D:1 |      45 |       0 |   0.0 |      28 |       0 |   0.0
        D:2 |      16 |       0 |   0.0 |       3 |       0 |   0.0
            +---------+---------+-------+---------+---------+-------
